General information
- name: BNet
- type: Ladder team game (AT/RT)
- host: Battle.net
- saver: ElFritoBandito
map: Deadlands
- players: 8
- length: 79:49
- speed: Fast
- version: 1.26 W3XP
- replay type: Public
» download(337 KB)
Players
team 1 (loser)

»
DJtest1 (
green | 60 APM | 1275 actions | 21:24)
5 Priestess of the Moon
2 Searing Arrows
3 Trueshot Aura
3 Keeper of the Grove
2 Entangling Roots
1 Thorns Aura
» actions
| Assign group hotkey | 27 | |
| Basic commands | 94 | |
| Build / train | 85 | |
| Enter build submenu | 15 | |
| Enter hero's abilities submenu | 8 | |
| Right click | 399 | |
| Select / deselect | 246 | |
| Select group hotkey | 350 | |
| Use ability | 51 | |
1275 total
» units
| Wisp | 17 | |
| Archer | 18 | |
| Hippogryph | 11 | |
| Chimaera | 6 | |
| Faerie Dragon | 3 | |
55 total
» upgrades
| Strength of the Moon | 1 | |
| Strength of the Wild | 3 | |
| Reinforced Hides | 2 | |
| Hippogryph Taming | 1 | |
| Improved Bows | 1 | |
| Corrosive Breath | 1 | |
| Well Spring | 1 | |
10 total
» buildings
| Moon Well | 6 | |
| Altar of Elders | 1 | |
| Ancient of War | 1 | |
| Ancient of Wonders | 1 | |
| Hunter's Hall | 1 | |
| Tree of Ages | 1 | |
| Ancient Protector | 2 | |
| Tree of Eternity | 1 | |
| Ancient of Wind | 1 | |
| Chimaera Roost | 1 | |
16 total
» build order
00:33 Moon Well
00:39 Altar of Elders
01:04 Ancient of War
01:28 Moon Well
01:54 Ancient of Wonders
02:31 Hunter's Hall
03:13 Moon Well
03:45 Tree of Ages
04:39 Ancient Protector
05:14 Moon Well
06:18 Tree of Eternity
06:21 Ancient of Wind
06:45 Moon Well
08:31 Ancient Protector
08:53 Chimaera Roost
14:39 Moon Well
» items
| Healing Salve | 1 | |
| Lesser Clarity Potion | 1 | |
| Scroll of Speed | 3 | |
| Potion of Healing | 1 | |
| Scroll of Town Portal | 2 | |
8 total

»
bfd (
yellow | 51 APM | 1746 actions | 34:03)
6 Blademaster
3 Wind Walk
2 Critical Strike
1 Bladestorm
» actions
| Assign group hotkey | 33 | |
| Build / train | 76 | |
| Enter build submenu | 13 | |
| Enter hero's abilities submenu | 6 | |
| Give item / drop item | 2 | |
| Right click | 960 | |
| Select / deselect | 409 | |
| Select group hotkey | 118 | |
| Use ability | 129 | |
1746 total
» units
» upgrades
| Ranged Weapons | 3 | |
| Liquid Fire | 1 | |
| Reinforced Defenses | 1 | |
5 total
» buildings
| Altar of Storms | 1 | |
| Orc Burrow | 4 | |
| War Mill | 1 | |
| Voodoo Lounge | 1 | |
| Watch Tower | 4 | |
| Stronghold | 1 | |
| Fortress | 2 | |
| Beastiary | 2 | |
16 total
» build order
00:08 Altar of Storms
00:24 Orc Burrow
00:38 War Mill
01:03 Voodoo Lounge
02:37 Watch Tower
02:39 Watch Tower
02:57 Stronghold
03:18 Orc Burrow
04:03 Orc Burrow
05:21 Fortress
05:22 Fortress
05:26 Orc Burrow
05:29 Beastiary
05:31 Beastiary
05:57 Watch Tower
06:01 Watch Tower
» items
| Healing Salve | 5 | |
| Lesser Clarity Potion | 7 | |
| Boots of Speed | 1 | |
| Orb of Lightning | 1 | |
14 total
HALO-CHUMP-DEZ (
purple | 50 APM | 4004 actions | 79:48)
9 Blademaster
3 Critical Strike
3 Wind Walk
1 Bladestorm
2 Mirror Image
5 Shadow Hunter
2 Hex
3 Healing Wave
» actions
| Assign group hotkey | 79 | |
| Basic commands | 23 | |
| Build / train | 91 | |
| Enter build submenu | 48 | |
| Enter hero's abilities submenu | 17 | |
| Give item / drop item | 4 | |
| Remove unit from queue | 1 | |
| Right click | 1940 | |
| Select / deselect | 437 | |
| Select group hotkey | 1011 | |
| Use ability | 353 | |
4004 total
» units
| Peon | 13 | |
| Grunt | 3 | |
| Goblin Shredder | 2 | |
| Wind Rider | 6 | |
| Troll Batrider | 13 | |
| Kodo Beast | 1 | |
| Goblin Zeppelin | 3 | |
41 total
» upgrades
| Ranged Weapons | 2 | |
| Armor | 2 | |
| Reinforced Defenses | 1 | |
| Envenomed Spears | 1 | |
| Liquid Fire | 1 | |
| Troll Regeneration | 1 | |
8 total
» buildings
| Altar of Storms | 1 | |
| Orc Burrow | 8 | |
| Barracks | 1 | |
| Voodoo Lounge | 3 | |
| Stronghold | 1 | |
| War Mill | 1 | |
| Great Hall | 5 | |
| Watch Tower | 64 | |
| Fortress | 1 | |
| Beastiary | 3 | |
88 total
» build order
00:07 Altar of Storms
00:15 Orc Burrow
00:36 Barracks
01:22 Orc Burrow
01:58 Voodoo Lounge
02:48 Stronghold
03:40 War Mill
04:57 Great Hall
04:59 Watch Tower
04:59 Watch Tower
05:04 Great Hall
05:35 Watch Tower
05:35 Watch Tower
05:58 Orc Burrow
07:28 Watch Tower
07:34 Watch Tower
08:07 Fortress
08:24 Beastiary
09:08 Watch Tower
09:09 Watch Tower
09:15 Beastiary
10:11 Beastiary
12:35 Watch Tower
12:36 Watch Tower
12:37 Watch Tower
12:37 Watch Tower
13:48 Watch Tower
13:49 Watch Tower
13:57 Watch Tower
13:57 Watch Tower
14:00 Orc Burrow
14:01 Orc Burrow
14:56 Orc Burrow
14:56 Orc Burrow
14:58 Orc Burrow
15:06 Watch Tower
15:07 Watch Tower
15:33 Watch Tower
15:34 Watch Tower
15:40 Watch Tower
15:43 Watch Tower
18:18 Watch Tower
18:19 Watch Tower
18:38 Great Hall
18:40 Watch Tower
18:41 Watch Tower
18:41 Watch Tower
18:41 Watch Tower
18:42 Watch Tower
18:43 Watch Tower
18:44 Watch Tower
20:00 Watch Tower
20:31 Watch Tower
20:31 Watch Tower
20:32 Watch Tower
20:33 Watch Tower
20:39 Watch Tower
20:39 Watch Tower
20:40 Watch Tower
20:41 Watch Tower
20:41 Watch Tower
21:01 Watch Tower
21:01 Watch Tower
21:02 Watch Tower
22:08 Watch Tower
22:09 Watch Tower
23:28 Watch Tower
23:29 Watch Tower
23:53 Watch Tower
23:53 Watch Tower
27:20 Watch Tower
27:21 Watch Tower
27:38 Watch Tower
27:39 Watch Tower
38:18 Voodoo Lounge
39:22 Great Hall
39:23 Watch Tower
39:24 Watch Tower
39:25 Watch Tower
39:25 Watch Tower
39:25 Watch Tower
39:26 Watch Tower
39:27 Watch Tower
39:28 Watch Tower
41:04 Watch Tower
42:17 Voodoo Lounge
62:27 Great Hall
» items
| Healing Salve | 4 | |
| Staff of Teleportation | 2 | |
| Scroll of Town Portal | 4 | |
| Lesser Clarity Potion | 1 | |
| Orb of Lightning | 2 | |
| Potion of Lesser Invulnerability | 2 | |
| Scroll of Healing | 1 | |
| Potion of Mana | 3 | |
| Potion of Invisibility | 1 | |
| Boots of Speed | 1 | |
| Scroll of Speed | 1 | |
22 total

»
AccCreate (
red | 84 APM | 1802 actions | 21:31)
3 Blademaster
1 Wind Walk
2 Critical Strike
2 Shadow Hunter
1 Healing Wave
1 Hex
» actions
| Assign group hotkey | 21 | |
| Basic commands | 60 | |
| Build / train | 91 | |
| ESC pressed | 2 | |
| Enter build submenu | 13 | |
| Enter hero's abilities submenu | 6 | |
| Give item / drop item | 2 | |
| Right click | 558 | |
| Select / deselect | 232 | |
| Select group hotkey | 722 | |
| Use ability | 95 | |
1802 total
» units
» upgrades
| Berserker Strength | 1 | |
| Envenomed Spears | 1 | |
| Ranged Weapons | 2 | |
4 total
» buildings
| Altar of Storms | 1 | |
| Orc Burrow | 4 | |
| Voodoo Lounge | 1 | |
| Barracks | 1 | |
| Stronghold | 1 | |
| War Mill | 1 | |
| Fortress | 1 | |
| Beastiary | 1 | |
| Great Hall | 1 | |
12 total
» build order
00:10 Altar of Storms
00:21 Orc Burrow
01:02 Voodoo Lounge
01:12 Barracks
02:32 Orc Burrow
04:21 Stronghold
04:33 Orc Burrow
05:29 War Mill
06:43 Fortress
07:31 Beastiary
09:36 Orc Burrow
16:02 Great Hall
» items
| Healing Salve | 11 | |
| Lesser Clarity Potion | 13 | |
| Scroll of Speed | 3 | |
| Potion of Mana | 3 | |
| Potion of Healing | 4 | |
| Scroll of Town Portal | 3 | |
| Orb of Lightning | 4 | |
| Staff of Preservation | 1 | |
42 total
team 2 (winner)
Max (
teal | 32 APM | 2584 actions | 79:48)
6 Death Knight
3 Death Coil
2 Unholy Aura
1 Animate Dead
5 Lich
3 Frost Nova
2 Frost Armor
» actions
| Assign group hotkey | 2 | |
| Basic commands | 566 | |
| Build / train | 97 | |
| ESC pressed | 2 | |
| Enter build submenu | 21 | |
| Enter hero's abilities submenu | 11 | |
| Give item / drop item | 10 | |
| Right click | 854 | |
| Select / deselect | 465 | |
| Select group hotkey | 442 | |
| Use ability | 114 | |
2584 total
» units
| Acolyte | 30 | |
| Ghoul | 5 | |
| Crypt Fiend | 6 | |
| Frost Wyrm | 12 | |
53 total
» upgrades
» buildings
| Crypt | 1 | |
| Graveyard | 1 | |
| Altar of Darkness | 1 | |
| Ziggurat | 8 | |
| Tomb of Relics | 2 | |
| Nerubian Tower | 3 | |
| Halls of the Dead | 2 | |
| Black Citadel | 2 | |
| Sacrificial Pit | 1 | |
| Boneyard | 2 | |
| Necropolis | 3 | |
| Spirit Tower | 4 | |
30 total
» build order
00:09 Crypt
00:21 Graveyard
00:35 Altar of Darkness
00:44 Ziggurat
00:53 Tomb of Relics
01:46 Ziggurat
03:26 Nerubian Tower
04:03 Halls of the Dead
04:51 Ziggurat
06:38 Black Citadel
07:22 Ziggurat
07:26 Sacrificial Pit
09:02 Boneyard
09:03 Boneyard
09:07 Ziggurat
09:09 Ziggurat
09:56 Necropolis
12:20 Ziggurat
12:54 Ziggurat
13:13 Nerubian Tower
13:14 Nerubian Tower
13:50 Spirit Tower
14:00 Spirit Tower
14:00 Spirit Tower
14:26 Tomb of Relics
18:09 Necropolis
23:00 Necropolis
» items
| Rod of Necromancy | 5 | |
| Healing Salve | 1 | |
| Lesser Clarity Potion | 2 | |
| Scroll of Healing | 1 | |
| Scroll of Town Portal | 1 | |
| Dust of Appearance | 1 | |
11 total

»
blargmellon (
orange | 41 APM | 1884 actions | 45:52)
6 Death Knight
2 Death Coil
3 Unholy Aura
1 Animate Dead
» actions
| Basic commands | 54 | |
| Build / train | 105 | |
| Enter build submenu | 31 | |
| Enter hero's abilities submenu | 6 | |
| Remove unit from queue | 1 | |
| Right click | 941 | |
| Select / deselect | 671 | |
| Use ability | 75 | |
1884 total
» units
| Acolyte | 25 | |
| Ghoul | 4 | |
| Crypt Fiend | 14 | |
| Frost Wyrm | 12 | |
| Gargoyle | 11 | |
| Abomination | 2 | |
| Meatwagon | 1 | |
69 total
» upgrades
| Creature Attack | 3 | |
| Creature Carapace | 3 | |
| Web | 1 | |
| Freezing Breath | 1 | |
| Unholy Strength | 2 | |
| Disease Cloud | 1 | |
11 total
» buildings
| Ziggurat | 9 | |
| Altar of Darkness | 1 | |
| Graveyard | 1 | |
| Crypt | 2 | |
| Nerubian Tower | 2 | |
| Halls of the Dead | 1 | |
| Spirit Tower | 7 | |
| Necropolis | 2 | |
| Black Citadel | 1 | |
| Sacrificial Pit | 2 | |
| Boneyard | 2 | |
| Slaughterhouse | 2 | |
32 total
» build order
00:06 Ziggurat
00:08 Altar of Darkness
00:56 Graveyard
01:14 Crypt
01:31 Ziggurat
02:16 Ziggurat
02:19 Crypt
05:21 Nerubian Tower
05:24 Ziggurat
06:22 Halls of the Dead
06:45 Spirit Tower
06:54 Ziggurat
07:31 Spirit Tower
07:34 Spirit Tower
09:58 Ziggurat
11:01 Necropolis
11:21 Ziggurat
11:24 Ziggurat
11:27 Ziggurat
12:17 Spirit Tower
12:18 Nerubian Tower
12:21 Spirit Tower
12:23 Black Citadel
13:15 Spirit Tower
13:53 Sacrificial Pit
13:57 Sacrificial Pit
15:10 Boneyard
15:13 Boneyard
15:47 Spirit Tower
26:44 Necropolis
29:13 Slaughterhouse
29:16 Slaughterhouse
» items
| Potion of Lesser Invulnerability | 2 | |
| Scroll of Town Portal | 3 | |
| Staff of Teleportation | 1 | |
6 total
ElFritoBandito (
pink | 42 APM | 3360 actions | 79:49)
9 Blademaster
3 Wind Walk
3 Critical Strike
1 Bladestorm
2 Mirror Image
» actions
| Assign group hotkey | 51 | |
| Basic commands | 257 | |
| Build / train | 115 | |
| Enter build submenu | 70 | |
| Enter hero's abilities submenu | 9 | |
| Give item / drop item | 4 | |
| Remove unit from queue | 4 | |
| Right click | 1263 | |
| Select / deselect | 637 | |
| Select group hotkey | 510 | |
| Use ability | 440 | |
3360 total
» units
| Peon | 11 | |
| Grunt | 4 | |
| Goblin Shredder | 1 | |
| Troll Batrider | 14 | |
| Goblin Sapper | 19 | |
| Goblin Zeppelin | 3 | |
| Wind Rider | 9 | |
| Troll Witch Doctor | 5 | |
| Demolisher | 9 | |
75 total
» upgrades
| Ranged Weapons | 3 | |
| Armor | 3 | |
| Liquid Fire | 1 | |
| Reinforced Defenses | 1 | |
| Envenomed Spears | 1 | |
| Ensnare | 0 | |
| Burning Oil | 1 | |
10 total
» buildings
| Orc Burrow | 7 | |
| Altar of Storms | 1 | |
| Barracks | 8 | |
| Voodoo Lounge | 2 | |
| Stronghold | 1 | |
| War Mill | 2 | |
| Watch Tower | 46 | |
| Great Hall | 4 | |
| Beastiary | 4 | |
| Fortress | 1 | |
| Spirit Lodge | 1 | |
77 total
» build order
00:12 Orc Burrow
00:56 Altar of Storms
00:57 Barracks
01:12 Orc Burrow
01:45 Voodoo Lounge
02:53 Stronghold
03:56 War Mill
04:02 Orc Burrow
04:30 War Mill
04:32 Orc Burrow
06:13 Watch Tower
06:57 Watch Tower
06:58 Watch Tower
06:58 Watch Tower
07:09 Great Hall
07:13 Watch Tower
07:16 Watch Tower
07:17 Watch Tower
07:19 Watch Tower
08:16 Watch Tower
08:19 Watch Tower
08:21 Watch Tower
08:26 Watch Tower
08:28 Watch Tower
10:21 Great Hall
10:24 Watch Tower
10:28 Watch Tower
10:28 Watch Tower
10:45 Orc Burrow
11:23 Watch Tower
11:26 Watch Tower
11:31 Watch Tower
11:35 Watch Tower
11:36 Watch Tower
11:38 Watch Tower
14:01 Beastiary
14:06 Beastiary
14:10 Beastiary
14:13 Beastiary
14:20 Fortress
15:13 Watch Tower
23:21 Orc Burrow
24:30 Great Hall
24:33 Watch Tower
24:37 Watch Tower
24:37 Watch Tower
24:45 Watch Tower
24:45 Watch Tower
24:51 Watch Tower
26:18 Great Hall
26:21 Watch Tower
26:22 Watch Tower
26:22 Watch Tower
26:22 Watch Tower
26:24 Watch Tower
26:24 Watch Tower
28:32 Watch Tower
33:27 Spirit Lodge
38:06 Orc Burrow
48:29 Watch Tower
48:30 Watch Tower
48:31 Watch Tower
48:32 Watch Tower
48:33 Watch Tower
48:34 Watch Tower
51:52 Barracks
51:54 Barracks
51:59 Barracks
52:01 Barracks
52:04 Barracks
52:10 Barracks
52:33 Barracks
52:59 Voodoo Lounge
53:31 Watch Tower
53:31 Watch Tower
53:38 Watch Tower
» items
| Healing Salve | 3 | |
| Lesser Clarity Potion | 2 | |
| Boots of Speed | 1 | |
| Periapt of Vitality | 2 | |
| Orb of Lightning | 1 | |
| Staff of Teleportation | 1 | |
| Scroll of Town Portal | 2 | |
12 total
GeneralCuster (
blue | 12 APM | 886 actions | 76:00)
7 Demon Hunter
3 Immolation
3 Evasion
1 Mana Burn
» actions
| Basic commands | 255 | |
| Build / train | 115 | |
| Enter build submenu | 37 | |
| Enter hero's abilities submenu | 7 | |
| Remove unit from queue | 5 | |
| Right click | 20 | |
| Select / deselect | 340 | |
| Use ability | 107 | |
886 total
» units
| Wisp | 48 | |
| Archer | 4 | |
| Huntress | 9 | |
| Hippogryph | 21 | |
| Faerie Dragon | 6 | |
88 total
» upgrades
| Strength of the Wild | 2 | |
| Reinforced Hides | 1 | |
| Nature's Blessing | 1 | |
4 total
» buildings
| Moon Well | 9 | |
| Altar of Elders | 1 | |
| Ancient of War | 1 | |
| Ancient of Wonders | 1 | |
| Tree of Life | 4 | |
| Hunter's Hall | 1 | |
| Ancient Protector | 11 | |
| Tree of Ages | 1 | |
| Ancient of Wind | 4 | |
| Tree of Eternity | 1 | |
| Chimaera Roost | 2 | |
36 total
» build order
00:24 Moon Well
00:39 Altar of Elders
01:19 Ancient of War
01:48 Ancient of Wonders
02:03 Moon Well
05:20 Tree of Life
05:24 Hunter's Hall
06:09 Moon Well
06:49 Tree of Life
07:53 Ancient Protector
08:22 Ancient Protector
08:41 Ancient Protector
09:55 Tree of Life
10:21 Ancient Protector
10:35 Ancient Protector
11:10 Ancient Protector
11:23 Tree of Ages
11:29 Moon Well
13:47 Ancient of Wind
13:52 Ancient of Wind
13:58 Ancient of Wind
14:29 Ancient Protector
15:20 Ancient Protector
15:42 Ancient Protector
16:55 Moon Well
17:18 Moon Well
18:13 Moon Well
20:23 Moon Well
20:26 Moon Well
22:16 Ancient Protector
22:20 Ancient Protector
41:18 Tree of Eternity
41:52 Ancient of Wind
44:09 Chimaera Roost
44:25 Chimaera Roost
46:29 Tree of Life
» items
| Dust of Appearance | 2 | |
| Scroll of Town Portal | 2 | |
| Potion of Healing | 1 | |
| Scroll of Healing | 1 | |
6 total
Chat log
(00:20 / Allies) blargmellon: rush it up?
(00:24 / Allies) Max: 100g plz
(00:38 / Allies) Max: ty
(01:29 / All) ElFritoBandito: Ay, ay, ay, ay! oh, I am dee Frito Bandito. I like Frito's Corn Chips. I love them, I do.
(01:38 / All) ElFritoBandito: I want Frito's corn chips. I'll take them, from you.
(02:56 / Allies) blargmellon: work together
(03:11 / All) ElFritoBandito: Since when was Custer a savage like you Night Elf scum?
(03:39 / Allies) GeneralCuster: grant was a savage, read history correctly and not the movies bandito
(03:50 / All) ElFritoBandito: What!?
(03:56 / Allies) GeneralCuster: thanks mate
(04:03 / Allies) blargmellon: gold?
(04:08 / All) ElFritoBandito: lawl
(04:10 / Allies) GeneralCuster: did you custer fought the kkk
(04:20 / All) ElFritoBandito: you really level 1 harass the mid on this map?
(04:40 / All) AccCreate: wat?
(06:05 / All) AccCreate: good thing oj cant micro
(06:23 / Allies) GeneralCuster: they being buidling thee bats
(06:32 / Allies) ElFritoBandito: they're probably going bats
(06:32 / Allies) blargmellon: lez met then hit
(06:34 / Allies) ElFritoBandito: get 3 or more
(06:36 / Allies) ElFritoBandito: towers near your mains
(07:40 / Allies) ElFritoBandito: 3 or more toewrs by your mains it's a must
(07:50 / All) ElFritoBandito: red mhs
(08:01 / All) blargmellon: noobs
(08:13 / All) ElFritoBandito: don't pretend you don't
(08:21 / All) AccCreate: lol
(08:28 / All) AccCreate: what a fucking retard
(08:35 / All) ElFritoBandito: red mhs
(08:52 / All) AccCreate: u got retards in ur team
(09:04 / All) AccCreate: he wonders how i found the towers
(09:06 / All) AccCreate: when it is in view
(09:17 / Allies) blargmellon: I';ll tp
(09:45 / All) ElFritoBandito: Fucking mher
(09:48 / All) ElFritoBandito: TK red
(09:57 / All) ElFritoBandito: he ruins the community
(10:01 / All) AccCreate: nubs are funny
(10:03 / All) ElFritoBandito: cheating on a dead game
(10:07 / All) ElFritoBandito: You're right side
(10:10 / All) ElFritoBandito: and rush to that expo
(10:33 / All) ElFritoBandito: you make me sick
(10:46 / All) DJtest1: stfu tk homo
(10:57 / All) AccCreate: LOL
(12:14 / Allies) blargmellon: meet
(12:28 / Allies) ElFritoBandito: told you
(12:38 / All) ElFritoBandito: I told my team several times "3 or more towers by mains"
(12:50 / All) AccCreate: but ur the only one who lost expo
(12:52 / All) AccCreate: so ur retard?
(13:04 / All) ElFritoBandito: because you rushed to it twice
(13:05 / Allies) blargmellon: no blue.
(13:10 / All) AccCreate: or
(13:14 / All) AccCreate: u dont know how to protect base?
(13:16 / All) AccCreate: LOL
(13:38 / Allies) ElFritoBandito: out
(13:47 / All) ElFritoBandito: lawl shiot
(14:17 / All) ElFritoBandito: I should have ran other way
(14:23 / All) AccCreate: no
(14:24 / All) AccCreate: u just suck shit
(14:31 / All) ElFritoBandito: chim splash damage got me
(14:33 / All) ElFritoBandito: I should have ran other way
(14:36 / All) AccCreate: ur fucking nub
(14:37 / All) ElFritoBandito: Follow along retard
(14:40 / All) ElFritoBandito: Fucking downie
(14:45 / All) AccCreate: stop making excuses
(14:50 / All) ElFritoBandito: how many expos you have?
(14:51 / All) AccCreate: ur fucking nub accept it
(14:59 / All) AccCreate: certainly more than your brain
(15:03 / All) blargmellon: lol people with BM's getting a few kills means your pro?
(15:06 / All) ElFritoBandito: Good one makes lots of sense
(15:10 / All) AccCreate: pink go stfu
(15:13 / All) AccCreate: stop complaining
(15:17 / All) AccCreate: of ur inability to play
(15:25 / All) ElFritoBandito: by saying I should have ran other way?
(15:29 / All) ElFritoBandito: You are fucking stupid
(15:34 / All) AccCreate: jajaja
(15:38 / Allies) blargmellon: alright mass
(15:40 / All) ElFritoBandito: Beaner
(16:05 / Allies) ElFritoBandito: lumbers
(17:49 / All) AccCreate: damn
(18:02 / Allies) ElFritoBandito: lumber
(18:37 / Allies) blargmellon: meet hit
(19:03 / All) blargmellon: lol
(19:06 / All) blargmellon: Like I said
(19:11 / All) blargmellon: get a few kills, think your the shit
(19:15 / All) blargmellon: comes to late game
(19:17 / Allies) ElFritoBandito: get them
(19:18 / All) blargmellon: gets raped
(19:19 / Allies) ElFritoBandito: before they get bats
(19:23 / All) AccCreate: i dont get it
(19:30 / All) AccCreate: all i see is pink dying
(19:34 / All) ElFritoBandito: lawl
(19:35 / All) AccCreate: and screaming mher to anyone
(19:37 / All) AccCreate: like a bad sportman
(19:40 / All) ElFritoBandito: LAWL
(19:44 / All) ElFritoBandito: yellow lost all his bats
(19:46 / Allies) Max: gold
(19:51 / Allies) ElFritoBandito: get yellow
(19:52 / All) AccCreate: hey pink
(19:55 / All) AccCreate: what do u do in life?
(19:57 / Allies) ElFritoBandito: before they get bats
(19:58 / All) blargmellon: you were like all fuckign nubs this and that early game
(20:00 / All) blargmellon: so funny
(20:04 / All) ElFritoBandito: I rob and plunder fritos!
(20:05 / Allies) Max: gold
(20:09 / All) ElFritoBandito: I am the frito bandito!
(20:12 / All) AccCreate: gj
(20:44 / All) ElFritoBandito: oh I didn't buy orb
(21:11 / All) ElFritoBandito: LOL
(21:13 / All) ElFritoBandito: LOL
(21:16 / Allies) Max: move
(21:19 / All) AccCreate: well that proved i dont mh
(21:27 / All) AccCreate: if i mhed, i wont even tp there
(21:30 / All) AccCreate: shows how retard you are
(21:31 / All) ElFritoBandito: LOL
(21:32 / Allies) blargmellon: heal me teal
(21:35 / Allies) blargmellon: coil please
(24:25 / All) HALO-CHUMP-DEZ: quit trying to rebuild teal got
(24:27 / All) HALO-CHUMP-DEZ: ur pissing me off
(26:38 / All) blargmellon: mh
(27:13 / Allies) blargmellon: pass around gold pink
(27:26 / Allies) ElFritoBandito: Lumber please
(27:45 / Allies) blargmellon: gold
(28:59 / All) ElFritoBandito: Mad about you or Roseanne?
(29:05 / All) ElFritoBandito: Personally I always hated Mad aBout You
(29:06 / All) ElFritoBandito: It's crap
(29:11 / All) ElFritoBandito: Roseanne is a great sitcom though
(29:17 / All) HALO-CHUMP-DEZ: i used to watch it
(29:29 / All) HALO-CHUMP-DEZ: it reminded me ofthat dinosaur show that was on for one season
(29:40 / All) ElFritoBandito: that's another good sitcom
(29:47 / All) ElFritoBandito: I used to watch that as a little kid lawl
(29:59 / All) HALO-CHUMP-DEZ: not sure we're thinking of same one
(30:06 / All) HALO-CHUMP-DEZ: one wiht the baby dinosaur that talked
(30:07 / All) ElFritoBandito: the NOT THE MAMA|?
(30:14 / All) HALO-CHUMP-DEZ: yea that
(30:28 / All) ElFritoBandito: It was like a generic sitcom except they were in dinosaur costumes lawl
(30:30 / All) HALO-CHUMP-DEZ: that show was awesome for a kid
(31:13 / Allies) blargmellon: can we finsih this shit please?
(31:16 / Allies) blargmellon: christ you douche bags
(32:36 / Allies) blargmellon: pass around gold pink
(32:51 / Allies) blargmellon: you ass fucking cunt
(33:01 / All) HALO-CHUMP-DEZ: go ahead blue
(33:34 / Allies) blargmellon: PINK!
(33:36 / Allies) blargmellon: WAKE UP
(33:41 / Allies) ElFritoBandito: we won
(33:53 / Allies) blargmellon: pass around wealth..
(33:54 / Allies) blargmellon: slut
(34:00 / Allies) ElFritoBandito: I don't have much to spare
(34:04 / Allies) blargmellon: nigger
(34:05 / Allies) blargmellon: grow up
(34:18 / Allies) ElFritoBandito: I'm saving up to buy fritos
(34:37 / Allies) blargmellon: blue is an asshole to
(34:53 / Allies) blargmellon: here comes tking asshole pink
(34:59 / Allies) ElFritoBandito: You insulted me
(35:01 / Allies) blargmellon: fucking asshoel cunt fucking noobs
(35:07 / Allies) blargmellon: all the fucking time
(35:15 / Allies) ElFritoBandito: What did I do?
(35:20 / Allies) ElFritoBandito: Just because I won't pass gold?
(35:25 / Allies) blargmellon: enough talking noob
(35:26 / Allies) ElFritoBandito: I need it for fritos
(35:37 / Allies) blargmellon: blue is an asshole too
(35:38 / All) HALO-CHUMP-DEZ: oj really is a bad player
(35:51 / All) blargmellon: yawn* you lost
(35:55 / Allies) ElFritoBandito: I need my gold for fritos, I'm tired of being a bandito
(36:03 / Allies) ElFritoBandito: it's a hard life
(36:07 / All) HALO-CHUMP-DEZ: i still take great pride and beating a lesser player like urself
(36:18 / All) blargmellon: you didn;t
(36:27 / All) HALO-CHUMP-DEZ: i just did lol
(36:30 / All) blargmellon: you lost a long time ago
(36:30 / All) HALO-CHUMP-DEZ: wheres ur army bro
(36:41 / All) blargmellon: you lost, you only have an army is because of pink
(37:02 / All) HALO-CHUMP-DEZ: i just raped ur army like 5 min ago lol
(37:07 / All) HALO-CHUMP-DEZ: ur dk didnt last 5 sec
(37:12 / All) blargmellon: what are you talking about?
(37:14 / All) blargmellon: YOU LOST
(38:56 / Allies) blargmellon: enough pink
(38:58 / Allies) blargmellon: stupid shit
(39:07 / Allies) blargmellon: no life
(39:07 / All) HALO-CHUMP-DEZ: u really are a terrible player oj
(39:14 / All) blargmellon: still talking?
(39:14 / All) HALO-CHUMP-DEZ: i have to reiterate this
(39:31 / Allies) GeneralCuster: im gonna get chims and end this shit
(39:42 / All) HALO-CHUMP-DEZ: u need to give me credit, i beat a lesser player as urself
(39:55 / All) blargmellon: you lost dude
(40:02 / All) blargmellon: even we quit out, we still win
(40:06 / All) HALO-CHUMP-DEZ: i may have lost the war but not the battle with u
(40:12 / All) blargmellon: you have lost everything
(40:17 / All) blargmellon: except your virginity
(40:37 / Allies) GeneralCuster: check the other expos orange
(40:48 / Allies) blargmellon: I don't care blue
(40:50 / Allies) blargmellon: we already won
(41:46 / Allies) ElFritoBandito: tk
(41:52 / Allies) blargmellon: kill pink blue
(41:54 / All) HALO-CHUMP-DEZ: wheres ur base nab
(42:19 / Allies) blargmellon: blue..
(42:21 / Allies) blargmellon: you idiot
(42:22 / Allies) ElFritoBandito: You attacked me
(42:27 / Allies) blargmellon: o well
(42:30 / Allies) blargmellon: thanks for the win pink
(42:50 / All) blargmellon: appreciate the win boys
(44:10 / Allies) blargmellon: time to claim victory blue
(45:49 / All) HALO-CHUMP-DEZ: dead dh
(45:51 / All) blargmellon: I win
(46:01 / All) HALO-CHUMP-DEZ: lol
(46:03 / All) ElFritoBandito: he logged out
(46:04 / All) HALO-CHUMP-DEZ: he sure does
(46:19 / All) GeneralCuster: your going to win purple, I figured out our problem...pink is a mexican
(46:28 / All) ElFritoBandito: El Frito Bandito!
(46:31 / All) HALO-CHUMP-DEZ: oh i see
(46:39 / All) GeneralCuster: we are fucked
(46:57 / All) GeneralCuster: his greasy third world country parasitic ass will make it impossible
(47:10 / All) ElFritoBandito: Hey, don't bring my country into this!
(47:32 / All) GeneralCuster: calling it a country is being generous lol
(47:47 / Allies) ElFritoBandito: Anymore gold?
(47:49 / Allies) ElFritoBandito: Oh
(47:53 / Allies) ElFritoBandito: Guess you can't expand again hehe
(48:31 / All) HALO-CHUMP-DEZ: mexicans sure are a waste of air
(48:33 / All) GeneralCuster: purple is going to kick your ass, Im going watch this
(48:44 / All) HALO-CHUMP-DEZ: pink sucks
(49:13 / All) HALO-CHUMP-DEZ: tell me wher ehe is
(49:15 / All) HALO-CHUMP-DEZ: ill kill him
(49:47 / All) HALO-CHUMP-DEZ: watch me rape this noob pink
(50:08 / All) GeneralCuster: his dumb ass is wasting time destroying my base now when his stupid ass should be going after you
(50:25 / All) HALO-CHUMP-DEZ: he sure is stupid
(51:20 / All) ElFritoBandito: WE HAD A DEAL
(51:25 / All) HALO-CHUMP-DEZ: eh.....
(51:28 / All) HALO-CHUMP-DEZ: he is good...
(51:30 / All) ElFritoBandito: DOUBLE CROSSER
(52:20 / All) GeneralCuster: yup, I heard about that, when a mexican fucks anothers girlfriend, they get even by fucking the guilty guy up the ass
(52:45 / All) GeneralCuster: they get that from being in prison and being accustomed to dick
(53:15 / All) ElFritoBandito: what are you some kind of fat american pigdog?
(53:49 / All) GeneralCuster: no, mexicans are fat, they all shave their head, have lumps of fat on their neck, grow a mustache and are short
(54:04 / All) HALO-CHUMP-DEZ: what about mexican women
(54:23 / All) GeneralCuster: they are hot at 20 and fat at 30 and get even fatter by 50
(54:30 / All) HALO-CHUMP-DEZ: lol
(54:34 / All) HALO-CHUMP-DEZ: isnt that true for all women
(54:51 / All) GeneralCuster: and they have no torso or small of the back, they are all ass and shoulders
(55:20 / All) GeneralCuster: what you doing teal
(55:38 / All) HALO-CHUMP-DEZ: teal is still here LOL
(55:57 / All) GeneralCuster: ya, just noticed...I think he fell asleep
(55:58 / All) ElFritoBandito: Americans are traitors and double dealers
(56:17 / All) GeneralCuster: shut the fuck up and win a war
(56:24 / All) GeneralCuster: any war
(57:02 / All) ElFritoBandito: we won the reconquista and you americans are financing it!
(57:10 / All) GeneralCuster: if you dumb fuckers would have let the French stay, you would be a 1st world country like Canada and not a piece of shit
(57:17 / All) ElFritoBandito: AMNESTY!
(57:20 / All) ElFritoBandito: AMNESTY!
(57:22 / All) ElFritoBandito: AM<NESTY!
(57:28 / All) HALO-CHUMP-DEZ: canada is first world lol?
(57:35 / All) GeneralCuster: nah, it wont work, you fuckers are too stupid
(58:14 / All) GeneralCuster: yes, canada is and yet Mexico is crap...Mexico still has shit snow from bad plumbing
(58:42 / All) GeneralCuster: Mayans and Aztec where Mexican, fucker still could never invent a simple fucking wheel
(58:59 / All) ElFritoBandito: we invented the chulupa!
(59:16 / All) GeneralCuster: stop talking about your mothers fat ass, that is bad
(59:28 / All) GeneralCuster: teal, wake the fuck up dude
(59:28 / All) ElFritoBandito: Hey you're fighting dirty!
(59:59 / All) GeneralCuster: she said she liked it dirty, that is why she married your dirty dad
(60:23 / All) GeneralCuster: guy never washes, he is scared of the prison showers
(61:28 / All) GeneralCuster: you know what sucks, pink wins and I get a victory...see, mexicans alway lose ultimately and he is doing all my work and happy
(62:26 / All) GeneralCuster: it is like the fucking Alamo all over again
(62:58 / All) GeneralCuster: this has actually been a pretty entertaining game to watch
(63:27 / All) GeneralCuster: if purple is smart, even pink is running out of money...just build shit all over the place purple if you have money
(63:42 / All) HALO-CHUMP-DEZ: thank u
(63:47 / All) HALO-CHUMP-DEZ: pink is a dumb mexican
(63:49 / All) HALO-CHUMP-DEZ: c
(64:10 / All) GeneralCuster: shut up, he is working for me right now...let him think he is doing this for himself lol
(64:51 / All) GeneralCuster: ever noticed that any great Mexican football player is half white if he is not a kicker
(64:54 / All) ElFritoBandito: lawl
(64:57 / All) ElFritoBandito: I let you go further
(65:10 / All) HALO-CHUMP-DEZ: football meaning NFL?
(65:27 / All) GeneralCuster: Tony Romo, half white. Tony Gonzales half black...yup american football
(65:41 / All) ElFritoBandito: how did you get your heros back
(65:49 / All) HALO-CHUMP-DEZ: never loste em lol
(65:53 / All) ElFritoBandito: oh
(65:56 / All) ElFritoBandito: I thought they were in teh zep
(66:02 / All) GeneralCuster: mexicans forget shit like that
(66:06 / All) HALO-CHUMP-DEZ: i flew the other zep away and ww with my bm
(66:48 / All) GeneralCuster: damn it pinkcatto, win this bato
(66:49 / All) HALO-CHUMP-DEZ: cant believe im gonna lose to a spic
(67:20 / All) GeneralCuster: why did Santa Anna only take 4000 troops to the Alamo
(67:34 / All) GeneralCuster: he only had 3 cars
(67:57 / All) HALO-CHUMP-DEZ: i dont get it
(70:29 / All) ElFritoBandito: Americans are all traitors
(70:43 / All) GeneralCuster: no we are winners
(70:56 / All) ElFritoBandito: Only the Frito Bandito wins this game
(73:22 / All) ElFritoBandito: lawl lucky shot
(73:26 / All) ElFritoBandito: I picked the wrong bm
(73:32 / All) HALO-CHUMP-DEZ: was hoping mirror image
(73:36 / All) HALO-CHUMP-DEZ: would teleport me off perch
(73:39 / All) ElFritoBandito: lawl
(74:17 / All) ElFritoBandito: Well the Frito Bandito will honor his word
(74:31 / All) ElFritoBandito: If a rogue doesn't have his word, what good is he? Not good at all I say
(74:39 / All) GeneralCuster: like pancho villa, then we are fucked
(74:44 / All) ElFritoBandito: So as per our agreement, once all of your units die I will kill off my entire teams buildings
(74:46 / All) ElFritoBandito: Jajajaja
(75:01 / All) GeneralCuster: jajaja... the war cry of a girl sport
(75:06 / All) HALO-CHUMP-DEZ: JA JA
(75:46 / All) GeneralCuster: you guys have fun kicking a ball around and not able to score points, good night and wake teal up lol
(76:16 / All) ElFritoBandito: *snickers*
(76:24 / All) ElFritoBandito: He took the shades
(76:31 / All) ElFritoBandito: I was patrolling for your heroes
(76:36 / All) ElFritoBandito: lawl
(76:44 / All) ElFritoBandito: he might have got a couple of my wyverns with his hippo
(77:56 / All) ElFritoBandito: |was your team shittalking me in the ally chat
(77:58 / All) ElFritoBandito: early on
(79:20 / All) ElFritoBandito: Anything to say for yourself, Max?
(79:41 / All) ElFritoBandito: I didn't think so